Map: Neon Violet Square LE

Players

SpeCial

  • Race: Terran Terran
  • League: Master
  • Spawn Location: 11:00

Neeb - Winner!

  • Race: Protoss Protoss
  • Spawn Location: 5:00

Event: IEM Season 12 - PyeongChang

VOD

Have the link to the VOD?

Description

Time

  • Played on: Feb. 4, 2018, 6 p.m.
  • Length: 6:23

All games in this series

Show
View Real Time Build Order
Export as new Build Order

SpeCial Terran 

Build Orders: Liberator Opening, Reaper Expand 

Get SALT Encoding   

  12  0:00  SCV  
  13  0:13  SCV  
  14  0:18  Supply Depot  
  14  0:25  SCV  
  15  0:40  SCV  
  15  0:41  Barracks  
  16  0:44  Refinery  
  16  0:52  SCV  
  17  1:04  SCV  
  18  1:16  SCV  
  19  1:29  Reaper  
  19  1:31  Orbital Command  
  20  1:41  Command Center  
  20  1:55  Supply Depot  
  20  1:57  SCV  
  21  2:01  Marine  
  22  2:09  Factory  
  22  2:11  SCV  
  23  2:19  Engineering Bay  
  23  2:23  SCV  
  23  2:25  Barracks Reactor  
  24  2:35  SCV  
  25  2:39  Refinery  
  25  2:47  SCV  
  26  2:54  Hellion  
  26  2:58  Orbital Command  
  28  3:04  Marine x2, Starport  
  29  3:06  SCV  
  30  3:16  Widow Mine  
  33  3:20  SCV  
  33  3:22  Marine x2  
  33  3:23  SCV  
  36  3:32  SCV  
  37  3:34  Supply Depot  
  37  3:35  SCV  
  37  3:39  Widow Mine  
  37  3:40  Marine x2  
  42  3:42  Viking  
  42  3:44  SCV  
  42  3:48  SCV  
  46  3:56  SCV  
  46  3:57  Marine x2  
  46  3:58  Liberator  
  48  4:04  SCV  
  48  4:08  SCV  
  53  4:19  Command Center  
  53  4:21  SCV  
  54  4:25  Supply Depot  
  54  4:36  Barracks x2  
  54  4:40  Factory Tech Lab  
  54  4:47  SCV x2, Marine x2  
  54  4:49  Supply Depot  
  58  4:54  Bunker  
  58  4:59  SCV x2  
  58  5:05  Marine x2  
  59  5:11  SCV x2  
  43  5:23  SCV x2, Marine x2  
  43  5:28  Marine x2  
  45  5:40  Marine  
  45  5:41  Orbital Command, Marine  
  43  5:44  SCV x2  
  43  5:45  Marine x2  
  43  5:58  Marine x2  
  43  6:03  Marine x2  
  45  6:09  SCV x2  
Show
View Real Time Build Order
Export as new Build Order

Neeb Protoss - Winner!

Build Orders: 1 Gate Expand, Oracle Opening, Phoenix Opening 

Get SALT Encoding   

  12  0:00  Probe  
  13  0:13  Probe  
  14  0:19  Pylon  
  14  0:25  Probe  
  15  0:37  Probe (Chrono Boost)  
  15  0:38  Assimilator  
  16  0:46  Probe (Chrono Boost), Gateway  
  17  0:51  Probe  
  18  1:03  Probe  
  19  1:16  Probe  
  20  1:23  Nexus  
  20  1:34  Cybernetics Core  
  20  1:36  Probe  
  21  1:41  Assimilator  
  21  1:48  Probe  
  21  1:52  Pylon  
  22  2:00  Probe  
  23  2:10  Stargate  
  23  2:12  Probe  
  23  2:13  Adept (Chrono Boost)  
  26  2:22  Warp Gate  
  26  2:24  Probe  
  27  2:33  Adept (Chrono Boost)  
  27  2:36  Probe  
  30  2:39  Probe  
  31  2:48  Probe  
  32  2:51  Probe  
  32  2:53  Adept (Chrono Boost)  
  34  3:00  Probe  
  34  3:03  Probe, Oracle (Chrono Boost)  
  36  3:12  Probe  
  40  3:15  Probe  
  40  3:19  Pylon  
  42  3:30  Gateway  
  42  3:31  Phoenix (Chrono Boost)  
  43  3:35  Gateway  
  43  3:37  Probe  
  43  3:40  Probe  
  45  3:47  Pylon  
  45  3:50  Phoenix (Chrono Boost)  
  45  3:54  Probe x2  
  49  4:06  Probe x2  
  49  4:07  Phoenix (Chrono Boost)  
  53  4:18  Probe x2  
  55  4:28  Phoenix (Chrono Boost)  
  57  4:32  Nexus  
  57  4:41  Stalker x2  
  61  4:47  Pylon  
  61  4:49  Pylon  
  61  4:59  Probe  
  62  5:05  Probe, Phoenix  
  65  5:13  Probe  
  63  5:17  Probe, Adept x2  
  66  5:25  Probe  
  65  5:28  Stalker  
  65  5:29  Phoenix (Chrono Boost)  
  65  5:34  Probe  
  61  5:50  Probe  
  62  5:57  Probe x2  
  62  6:02  Probe  
  62  6:03  Forge  
  65  6:04  Forge, Assimilator  
  65  6:05  Assimilator  
  65  6:09  Probe x2  

Tags
 
Add a new tag
Caveats
  • Supply blocks, unpowered buildings, or Contaminate may cause inaccurate times.
  • Supply counts are checked every 10 seconds.